 Dungeon Crawl Stone Soup version 0.29-a0-1065-g47a6bb87d6 (webtiles) character file.

Game seed: 17166791769953099728

107 wingedge the Firebug (level 4, -1/26 HPs)
             Began as a Tengu Fire Elementalist on Aug 18, 2022.
             Slain by an orc
             ... wielding a +0 trident
              (8 damage)
             ... on level 3 of the Dungeon.
             The game lasted 00:07:33 (2991 turns).

wingedge the Firebug (Tengu Fire Elementalist)      Turns: 2991, Time: 00:07:34

Health: -1/26      AC:  3    Str:  9    XL:     4   Next: 86%
Magic:  1/10       EV: 11    Int: 17    God:
Gold:   115        SH:  0    Dex: 14    Spells: 6/9 levels left

rFire   . . .      SeeInvis .   u - +1 trident (vorpal)
rCold   . . .      Faith    .   (no shield)
rNeg    . . .      Spirit   .   i - +0 leather armour
rPois   .          Reflect  .   (helmet restricted)
rElec   .          Harm     .   (no cloak)
rCorr   .          Rampage  .   (no gloves)
Will    .....                   (boots unavailable)
Stlth   ++........              (no amulet)
HPRegen 0.08/turn               (no ring)
MPRegen 0.12/turn               (no ring)

@: no status effects
A: beak, talons 3
a: no special abilities


You were on level 3 of the Dungeon.
You visited 1 branch of the dungeon, and saw 3 of its levels.

You collected 115 gold pieces.

Inventory:

Hand Weapons
 d - a +0 dagger
 e - a +0 short sword
 q - a +0 sling
 u - a +1 vorpal trident (weapon)
Armour
 a - a +0 robe
 g - an orb of mayhem
 i - a +0 leather armour (worn)
 v - a +0 kite shield
Jewellery
 p - an amulet of guardian spirit
Scrolls
 c - 2 scrolls of teleportation {unknown}
 f - a scroll of magic mapping {unknown}
 j - a scroll of noise {unknown}
 l - a scroll of enchant armour {unknown}
 m - a scroll of summoning {unknown}
 o - a scroll of fear {unknown}
 s - a scroll of amnesia {unknown}
 t - 5 scrolls of identify {unknown}
Potions
 b - 2 potions of magic
 h - a potion of heal wounds {unknown}
 k - a potion of brilliance {unknown}
 n - a potion of flight {unknown}
 r - a potion of mutation {unknown}


   Skills:
 - Level 2.0 Fighting
 - Level 2.1 Dodging
 - Level 2.0 Stealth
 + Level 3.4 Spellcasting
 - Level 2.0 Conjurations
 - Level 4.0 Fire Magic


You had 6 spell levels left.
You knew the following spells:

 Your Spells              Type           Power      Damage    Failure   Level
a - Foxfire               Conj/Fire      52%        2x1d6     7%          1
b - Scorch                Fire           32%        2d7       7%          2

Your spell library contained the following spells:

 Spells                   Type           Power      Damage    Failure   Level
 Conjure Flame            Conj/Fire      13%        6-21      21%         3
 Inner Flame              Hex/Fire       9%         N/A       30%         3
 Flame Wave               Conj/Fire      13%        2d6       56%         4


Dungeon Overview and Level Annotations

Branches:
Dungeon (3/15)

Altars:

Shops:
D:2 (


Innate Abilities, Weirdness & Mutations

You have a beak for a mouth.
You have claws for feet.


Message History

Casting: Foxfire (safe; 7% risk of failure)
Confirm with . or Enter, or press ? or * to list all spells.
Flames lash the orc.
The orc is moderately wounded.
The orc's fire resistance burns away.
You hit the orc but do no damage. You claw the orc, but do no damage.
The orc is moderately wounded.
The orc closely misses you. The giant cockroach bites you.
You hit the orc.
The orc is severely wounded.
The giant cockroach barely misses you. The orc hits you with a +0 club.
The giant cockroach bites you. The orc hits you with a +0 club.
The orc is no longer more vulnerable to fire.
You barely miss the giant cockroach. Your kick misses the giant cockroach.
You peck the giant cockroach, but do no damage.
The giant cockroach bites you but does no damage.
Casting: Scorch (safe; 7% risk of failure)
Confirm with . or Enter, or press ? or * to list all spells.
Okay, then.
Casting: Scorch (safe; 7% risk of failure)
Confirm with . or Enter, or press ? or * to list all spells.
Flames lash the orc.
You kill the orc!
The giant cockroach bites you. x2
Casting: Scorch (safe; 7% risk of failure)
Confirm with . or Enter, or press ? or * to list all spells.
Flames lash the giant cockroach.
You kill the giant cockroach!
You hit the orc.
You kill the orc!
The orc hits you but does no damage.
Reach: u) +1 trident (vorpal)
Press: ? - help, Dir - move target, f - orc
Aim: an orc, wielding a +0 trident and wearing a +0 leather armour (heavily wounded, about 41% to evade your +1 vorpal trident)
You reach to attack!
You completely miss the orc.
The orc is heavily wounded.
The orc hits you from afar with a +0 trident!
* * * LOW HITPOINT WARNING * * *
The orc hits you with a +0 trident!
You die...

#.# #.# ##.## #. #.#
#.####..†#######. .#
#.##.............
#.##.#...######## # #
#.##.##.##
#...#.####....##.#
....(oo).#######.#####
#...#..#o# #.....# .
##.#@# #####.# #.#.#
#.# #.#.# #.# #.#.#
#.# #.#.# #.# #.#.#
#.# #.# #.# #.#
######.# #.# #......#


You could see an orc.

Vanquished Creatures
  A gnoll (D:1)
  3 adders
  3 dart slugs
  6 orcs
  4 endoplasms
  2 giant cockroaches
  8 goblins
  3 hobgoblins
  6 jackals
  5 quokkas
  5 ball pythons
  A bat (D:1)
  2 frilled lizards (D:1)
  2 kobolds
  3 rats
54 creatures vanquished.

Vanquished Creatures (others)
  135 foxfires
  A withered plant (D:3)
136 creatures vanquished.

Grand Total: 190 creatures vanquished

Notes
Turn   | Place    | Note
-------+----------+-------------------------------------------
     0 | D:1      | wingedge the Tengu Fire Elementalist began the quest for
                  | the Orb.
     0 | D:1      | Reached XP level 1. HP: 10/10 MP: 4/4
    79 | D:1      | Reached skill level 1 in Fighting
    79 | D:1      | Reached XP level 2. HP: 16/16 MP: 0/6
   181 | D:1      | Reached skill level 4 in Fire Magic
   615 | D:1      | Found a faded altar of an unknown god.
   620 | D:1      | Reached XP level 3. HP: 20/20 MP: 5/7
  1597 | D:2      | Reached XP level 4. HP: 21/25 MP: 5/9
  1715 | D:2      | Found Qeimpah's Antique Weapon Emporium.
  2457 | D:2      | Learned a level 2 spell: Scorch
  2991 | D:3      | Slain by an orc

Illustrated notes

Levels and vault maps discovered:
D:1:      minmay_arrival_four_houses, layout_loops_ring,
          ebering_ecumenical_altar_webs
D:2:      layout_basic, serial_shops, nicolae_shop_statue_plus
D:3:      layout_loops_ring, kiku_gazebo_garden_becter, uniq_terence

Skill      XL: |  1  2  3  4 |
---------------+-------------+-----
Fighting       | 1 2 |  2.0
Fire Magic     | 4 |  4.0
Conjurations   | 2 |  2.0
Spellcasting   | 3 |  3.4
Dodging        | |  2.1
Stealth        | |  2.0

Action                   |  1- 3 |  4- 6 || total
-------------------------+-------+-------++-------
Melee: Short sword       |    16 |     5 ||    21
       Peck              |     3 |     2 ||     5
       Kick              |     1 |     4 ||     5
       Trident           |       |    13 ||    13
 Cast: Foxfire           |    55 |    30 ||    85
       Scorch            |       |     4 ||     4
 Stab: Sleeping          |     4 |     1 ||     5
Armor: Leather armour    |       |     3 ||     3
Dodge: Dodged            |     7 |    14 ||    21

Table legend: (Time is in decaauts)
 A = Elapsed time spent in this place.
 B = Non-inter-level travel time spent in this place.
 C = Inter-level travel time spent in this place.
 D = Time resting spent in this place.
 E = Time spent auto-exploring this place.
 F = Levels seen in this place.
 G = Mean time per level.
                   A        B        C        D        E       F      G
               +--------+--------+--------+--------+--------+-----+--------+
         Total |   2995 |   2953 |     42 |    676 |   1741 |   3 |  998.3 |
       Dungeon |   2995 |   2953 |     42 |    676 |   1741 |   3 |  998.3 |
               +--------+--------+--------+--------+--------+-----+--------+

Top non-repeatable levels by time:
     D:2: 1437 daAuts
     D:1: 1089 daAuts
     D:3: 468 daAuts
